 Seeded DCSS version 0.29-a0-520-gc852659 (webtiles) character file.

Game seed: 4758144504240008875 (custom seed)

3855 Illumine the Grappler (level 9, -11/85 HPs)
             Began as a Troll Hunter on May 30, 2022.
             Was a High Priest of Okawaru.
             Killed themself with a badly aimed iceblast (19 damage)
             ... on level 7 of the Dungeon.
             The game lasted 00:14:37 (5953 turns).

Illumine the Grappler (Troll Hunter)                Turns: 5953, Time: 00:14:38

Health: -11/85     AC:  4    Str: 25    XL:     9   Next: 99%
Magic:  11/11      EV: 11    Int:  5    God:    Okawaru [*****.]
Gold:   301        SH:  0    Dex: 13    Spells: 8/8 levels left

rFire   + . .      SeeInvis .     - Unarmed
rCold   . . .      Faith    .   (no shield)
rNeg    . . .      Spirit   .   b - +0 robe
rPois   .          Reflect  .   (helmet restricted)
rElec   .          Harm     .   (no cloak)
rCorr   .          Rampage  .   (gloves unavailable)
Will    .....                   (boots unavailable)
Stlth   +.........              (no amulet)
HPRegen 1.04/turn               M - ring of protection from fire
MPRegen 0.12/turn               (no ring)

@: no status effects
A: large, unfitting armour, claws 3, regeneration 1, shaggy fur 1, tough skin 1
a: Renounce Religion, Heroism, Finesse, Duel


You were on level 7 of the Dungeon.
You worshipped Okawaru.
Okawaru was extremely pleased with you.
You visited 1 branch of the dungeon, and saw 7 of its levels.
You also visited: Ossuary.

You collected 443 gold pieces.
You spent 142 gold pieces at shops.

Inventory:

Hand Weapons
 a - a +1 shortbow
Missiles
 e - 286 stones
 n - 8 poisoned darts
 D - 8 boomerangs (quivered)
 N - 7 large rocks
Armour
 b - a +0 robe (worn)
 y - a scarf of harm
 B - the +1 robe "Goonk" {rPois rC- Int+4 Dex+8}
   (You bought it in a shop on level 5 of the Dungeon)

   Int:       It affects your intelligence (+4).
   Dex:       It affects your dexterity (+8).
   rC:        It makes you vulnerable to cold.
   rPois:     It protects you from poison.
Jewellery
 M - a ring of protection from fire (left claw)
Wands
 v - a wand of iceblast (11)
 L - a wand of flame (17)
Scrolls
 c - 6 scrolls of immolation
 d - 4 scrolls of blinking {unknown}
 f - 2 scrolls of amnesia {unknown}
 h - 4 scrolls of enchant weapon {unknown}
 i - 2 scrolls of torment {unknown}
 j - 2 scrolls of vulnerability {unknown}
 q - 3 scrolls of magic mapping {unknown}
 s - 2 scrolls of teleportation {unknown}
 w - 3 scrolls of fog {unknown}
 A - 3 scrolls of acquirement {unknown}
 C - 2 scrolls of enchant armour {unknown}
 E - a scroll of noise {unknown}
 I - 3 scrolls of identify {unknown}
 K - a scroll of poison {unknown}
 O - a scroll of fear {unknown}
Potions
 g - a potion of might {unknown}
 k - a potion of magic {unknown}
 l - 3 potions of flight {unknown}
 m - 3 potions of degeneration {unknown}
 o - 3 potions of heal wounds {unknown}
 p - 4 potions of curing {unknown}
 r - 2 potions of invisibility {unknown}
 t - a potion of mutation {unknown}
 u - 5 potions of haste {unknown}
 x - 2 potions of brilliance {unknown}
 z - 2 potions of attraction {unknown}
 F - a potion of resistance {unknown}
 G - a potion of ambrosia {unknown}
 H - 4 potions of lignification {unknown}
 J - a potion of cancellation {unknown}


   Skills:
 + Level 4.5 Fighting
 - Level 2.6 Bows
 + Level 4.5 Throwing
 + Level 4.4 Dodging
 - Level 0.3 Stealth
 * Level 9.5 Unarmed Combat
 + Level 4.4 Invocations
 + Level 2.1 Evocations


You had 8 spell levels left.
You didn't know any spells.
Your spell library contained the following spells:

 Spells                   Type           Power      Damage    Failure   Level
 Apportation              Tloc           0%         N/A       47%         1
 Necrotize                Necr           0%         1d4       47%         1
 Conjure Flame            Conj/Fire      0%         6-21      85%         3
 Ignite Poison            Fire/Tmut/Pois 0%         N/A       85%         3
 Ozocubu's Armour         Ice            0%         N/A       85%         3
 Fulminant Prism          Conj/Hex       0%         3d6       99%         4
 Iskenderun's Mystic Bla  Conj/Tloc      0%         2d3       99%         4
 Sticky Flame             Conj/Fire      0%         2d3       99%         4
 Lee's Rapid Deconstruct  Erth           0%         3d5*      100%        5
 Ozocubu's Refrigeration  Ice            0%         4d5       100%        7
 Summon Small Mammal      Summ           Unusable   N/A       N/A         1

Dungeon Overview and Level Annotations

Branches:
Dungeon (7/15)             Temple (0/1) D:6         Ossuary (visited)

Altars:
Okawaru
Sif Muna
Vehumet
Yredelemnul

Shops:
D:3 (   D:4 :   D:5 *

Annotations:
D:5 3 runed translucent doors, Deireun's ghost, amateur DDFi; snuffy's ghost, novice DrGl


Innate Abilities, Weirdness & Mutations

You are too large for most types of armour.
You have claws for hands.
Your natural rate of healing is unusually fast.
You are covered in fur. (AC +1)
You have tough skin. (AC +1)


Message History

You see here a hound corpse.
You open the door.
A vampire mosquito comes into view.
Found 9 gold pieces.
The vampire mosquito buzzes angrily.
There is an open door here.
Deactivating autopickup; reactivate with Ctrl-A.
You mangle something!! Something hits you but does no damage.
Something hits you! x2; The vampire mosquito bites the plant.
The plant begins to die.
Something hits you.
Okay, then.
You closely miss something. Something hits you.
The vampire mosquito bites the plant!
Something hits you. x2
You barely miss something. Something hits you! Something hits you.
The vampire mosquito bites the plant.
Something hits the plant!
The vampire mosquito bites the plant!
You scratch something but do no damage. Something hits you but does no damage.
Something hits you! x2; Something hits you.
The vampire mosquito bites the plant! x2
You scratch something.
A nearby plant withers and dies.
Something hits you! Something hits you.
* * * LOW HITPOINT WARNING * * *
Something hits you.
* * * LOW HITPOINT WARNING * * *
Something hits you.
* * * LOW HITPOINT WARNING * * *
Okay, then.
Okay, then.
Something hits you.
* * * LOW HITPOINT WARNING * * *
Something hits you!
* * * LOW HITPOINT WARNING * * *
Aiming: Iceblast
Press: ? - help, Shift-Dir - straight line, f - vampire mosquito
Aim: a vampire mosquito The mass of ice explodes!
The iceblast engulfs something!
The iceblast engulfs the vampire mosquito!
The vampire mosquito is heavily damaged.
The iceblast engulfs you!!
You die...

#............†.........
#..#######.##.#..######
#..#P. .P#..#.##.#P...P
#..#.#+#.#.#..##.#.###.
#..#.#$#.#..#.#..'.#='.
#..#.###.#.#...#.#.###.
#..#P.y..#.##..#.#P.).P
#..###'###.#.#.#.######
#.....@.=..#####.......
#...##.###...##.##..#.#
#.........#..#....#.#..
#...###.##.#.#####..###
#.........#.#..#...##.#
##.#.####..#.##.##.###.
#..####....#..#.......
#..#........###.###'##
#.##..##.####...#P...P


You could see a vampire mosquito.

Vanquished Creatures
  2 cyclopes (D:7)
  A kobold demonologist (D:7)
  2 steam dragons (D:7)
  2 water moccasins (D:7)
  An ice beast (D:7)
  2 sky beasts
  A black bear (D:7)
  An ogre (D:7)
  A phantom (D:4)
  2 elf zombies (D:6)
  A necrophage (D:4)
  Blork the orc (D:5)
  2 elf skeletons (D:6)
  A gnoll sergeant (D:7)
  9 scorpions
  A howler monkey (D:5)
  4 centaur zombies (Ossuary)
  A human zombie (Ossuary)
  2 orc priests
  6 hounds
  4 jellies
  Jessica (D:2)
  An orc wizard (D:4)
  4 scorpion zombies (Ossuary)
  A killer bee zombie (D:7)
  3 mummies (Ossuary)
  A howler monkey zombie (D:7)
  Robin (D:2)
  5 adders
  3 gnolls (D:6)
  A shadow imp (D:5)
  A worm (D:3)
  3 orcs
  3 bats
  3 endoplasms
  5 giant cockroaches
  3 gnoll zombies (Ossuary)
  17 goblins
  6 hobgoblins
  4 jackals
  2 kobolds
  3 quokkas
  A ball python (D:4)
  7 frilled lizards
  3 goblin zombies (Ossuary)
  4 hobgoblin zombies (Ossuary)
  4 kobold zombies (Ossuary)
  6 orc skeletons (D:6)
  4 orc zombies
  7 rats
154 creatures vanquished.

Vanquished Creatures (others)
  A plant (D:7)
1 creature vanquished.

Grand Total: 155 creatures vanquished

Notes
Turn   | Place    | Note
-------+----------+-------------------------------------------
     0 | D:1      | Illumine the Troll Hunter began the quest for the Orb.
     0 | D:1      | Reached XP level 1. HP: 19/19 MP: 0/0
   266 | D:1      | Reached skill level 1 in Unarmed Combat
   370 | D:1      | Found a faded altar of an unknown god.
   424 | D:1      | Reached XP level 2. HP: 28/28 MP: 1/1
   572 | D:1      | Reached skill level 2 in Unarmed Combat
   864 | D:1      | Prayed at the altar of an unknown god.
   864 | D:1      | Became a worshipper of Warmaster Okawaru
   864 | D:1      | Reached * piety under Okawaru
  1007 | D:2      | Reached XP level 3. HP: 35/35 MP: 2/2
  1229 | D:2      | Noticed Jessica
  1234 | D:2      | Killed Jessica
  1235 | D:2      | Reached skill level 3 in Unarmed Combat
  1311 | D:2      | Reached XP level 4. HP: 42/42 MP: 3/3
  1332 | D:2      | Noticed Robin
  1472 | D:2      | Killed Robin
  1734 | D:3      | Reached skill level 4 in Unarmed Combat
  1846 | D:3      | Found Qaisk's Weapon Boutique.
  2433 | D:4      | Found Upiotz's Book Shop.
  2487 | D:4      | Noticed a necrophage
  2498 | D:4      | Killed a necrophage
  2498 | D:4      | Reached ** piety under Okawaru
  2499 | D:4      | Reached skill level 5 in Unarmed Combat
  2499 | D:4      | Reached XP level 5. HP: 42/49 MP: 4/4
  2548 | D:4      | Noticed a phantom
  2557 | D:5      | Entered Level 5 of the Dungeon
  2700 | D:5      | Found Xaokhyrph's Assorted Antiques.
  2703 | D:5      | Bought a faintly humming robe for 142 gold pieces
  2703 | D:5      | Identified the +1 robe "Goonk" {rPois rC- Int+4 Dex+8} (You
                  | bought it in a shop on level 5 of the Dungeon)
  2860 | D:5      | Reached XP level 6. HP: 57/57 MP: 5/5
  3247 | D:5      | Reached skill level 6 in Unarmed Combat
  3253 | D:5      | Found a runed translucent gate.
  3253 | D:5      | Found a runed translucent gate.
  3253 | D:5      | Found a runed translucent gate.
  3253 | D:5      | Noticed Deireun's ghost (amateur DDFi)
  3254 | D:5      | Noticed snuffy's ghost (novice DrGl)
  3349 | D:5      | Noticed Blork the orc
  3356 | D:5      | Killed Blork the orc
  3737 | D:4      | Reached skill level 1 in Invocations
  3850 | D:4      | Reached skill level 1 in Throwing
  3850 | D:4      | Reached XP level 7. HP: 64/65 MP: 6/6
  4093 | D:6      | Reached *** piety under Okawaru
  4109 | D:6      | Found a sand-covered staircase.
  4116 | Ossuary  | Entered an ossuary
  4145 | Ossuary  | Reached skill level 7 in Unarmed Combat
  4185 | Ossuary  | Reached XP level 8. HP: 70/74 MP: 8/8
  4358 | Ossuary  | Reached **** piety under Okawaru
  4555 | D:6      | Reached skill level 8 in Unarmed Combat
  4589 | D:6      | Found a radiant altar of Vehumet.
  4776 | D:6      | Found a staircase to the Ecumenical Temple.
  5178 | D:7      | Received a gift from Okawaru
  5241 | D:7      | Reached XP level 9. HP: 80/84 MP: 10/10
  5249 | D:7      | Found a basalt altar of Yredelemnul.
  5383 | D:7      | Noticed a kobold demonologist
  5391 | D:7      | Killed a kobold demonologist
  5392 | D:7      | Reached skill level 1 in Evocations
  5419 | D:7      | Noticed a cyclops
  5419 | D:7      | Noticed a cyclops
  5431 | D:7      | Killed a cyclops
  5432 | D:7      | Reached skill level 9 in Unarmed Combat
  5434 | D:7      | Killed a cyclops
  5434 | D:7      | Reached ***** piety under Okawaru
  5801 | D:7      | Found a shimmering blue altar of Sif Muna.
  5953 | D:7      | Killed themself with a badly aimed iceblast

Illustrated notes

Levels and vault maps discovered:
D:1:      dpeg_arrival_pits, layout_basic, hellmonk_ecumenical_altar_blasted,
          amcnicky_mini_rare_corridor_liquid
D:2:      layout_loops_ring, uniq_robin, uniq_jessica
D:3:      layout_basic, serial_shops, nicolae_shop_bloodbath_and_beyond
D:4:      layout_rooms, serial_shops, shop, chequers_serial_rivers_small_3,
          minivault_23
D:5:      layout_layer_cave, gammafunk_ghost_cemetery, serial_shops,
          nicolae_shop_behind_doors, uniq_blork_the_orc
D:6:      layout_cave_pools, fiery_altar_vehumet, minmay_temple_entry_trees,
          nicolae_ossuary_entry_catacombs
D:7:      layout_loops_ring, lemuel_zombie_altar_yredelemnul,
          gammafunk_temple_overflow_pools, mainiacjoe_overflow_paths,
          minmay_shattered_shrine

Skill      XL: |  1  2  3  4  5  6  7  8  9 |
---------------+----------------------------+-----
Unarmed Combat | 1 2 3 5 6 7 8 9 |  9.5
Fighting       | 2 3 4 |  4.5
Invocations    | 1 2 3 4 |  4.4
Throwing       | 1 2 3 4 |  4.5
Dodging        | 2 3 4 |  4.4
Evocations     | 2 |  2.1
Bows           | |  2.6
Stealth        | |  0.3

Action                   |  1- 3 |  4- 6 |  7- 9 || total
-------------------------+-------+-------+-------++-------
Melee: Unarmed           |    24 |    91 |   240 ||   355
       Punch             |       |     4 |     9 ||    13
 Fire: Shortbow          |    69 |    63 |    11 ||   143
Throw: Boomerang         |       |       |    42 ||    42
Invok: Heroism           |       |       |     1 ||     1
Evoke: Wand              |       |       |     1 ||     1
 Stab: Sleeping          |       |     1 |     2 ||     3
Armor: Robe              |    11 |    42 |    56 ||   109
Dodge: Dodged            |    10 |    42 |    81 ||   133

Table legend: (Time is in decaauts)
 A = Elapsed time spent in this place.
 B = Non-inter-level travel time spent in this place.
 C = Inter-level travel time spent in this place.
 D = Time resting spent in this place.
 E = Time spent auto-exploring this place.
 F = Levels seen in this place.
 G = Mean time per level.
                   A        B        C        D        E       F      G
               +--------+--------+--------+--------+--------+-----+--------+
         Total |   5929 |   5677 |    252 |    259 |   3992 |   8 |  741.1 |
       Dungeon |   5558 |   5306 |    252 |    245 |   3972 |   7 |  794.0 |
       Ossuary |    371 |    371 |      0 |     14 |     20 |   1 |  371.0 |
               +--------+--------+--------+--------+--------+-----+--------+

Top non-repeatable levels by time:
     D:5: 1127 daAuts
     D:1: 1008 daAuts
     D:7: 846 daAuts
     D:3: 695 daAuts
     D:2: 683 daAuts
     D:6: 663 daAuts
     D:4: 534 daAuts
 Ossuary: 371 daAuts
